 Dungeon Crawl Stone Soup version 0.27.1-1-g398f81649c (webtiles) character file.

Game seed: 15926029342387973750

413 acemry the Cleaver (level 6, -3/51 HPs)
             Began as a Minotaur Fighter on Sept 5, 2021.
             Slain by Edmund (8 damage)
             ... on level 4 of the Dungeon.
             The game lasted 00:04:07 (2901 turns).

acemry the Cleaver (Minotaur Fighter)               Turns: 2901, Time: 00:04:08

Health: -3/51      AC:  7    Str: 22    XL:     6   Next: 59%
Magic:  5/5        EV:  9    Int:  5    God:
Gold:   120        SH:  0    Dex: 10    Spells: 5/5 levels left

rFire    . . .     SeeInvis .   a - +0 war axe
rCold    . . .     Faith    .   (no shield)
rNeg     . . .     Spirit   .   b - +1 scale mail
rPois    .         Reflect  .   (helmet restricted)
rElec    .         Harm     .   (no cloak)
rCorr    .         Rampage  .   (no gloves)
Will     .....                  (no boots)
Stlth    ..........             (no amulet)
HPRegen  0.17/turn              (no ring)
MPRegen  0.09/turn              (no ring)

@: no status effects
A: horns 2, retaliatory headbutt
a: no special abilities


You were on level 4 of the Dungeon.
You visited 1 branch of the dungeon, and saw 4 of its levels.

You collected 120 gold pieces.

Inventory:

Hand Weapons
 a - a +0 war axe (weapon)
 l - a +6 club
Armour
 b - a +1 scale mail (worn)
 c - a +0 kite shield
Scrolls
 g - 2 scrolls of teleportation
 i - a scroll of noise {unknown}
 j - 3 scrolls of identify
 m - a scroll of magic mapping
Potions
 d - 2 potions of might
 f - a potion of mutation {unknown}
 h - a potion of lignification {unknown}
 k - 3 potions of degeneration {unknown}


   Skills:
 - Level 3.6 Fighting
 + Level 8.6 Axes
 - Level 3.6 Armour
 - Level 3.6 Shields


You had 5 spell levels left.
You didn't know any spells.
Your spell library was empty.

Dungeon Overview and Level Annotations

Branches:
Dungeon (4/15)
 Temple: D:4-7

Altars:
Zin

Shops:
D:2 (   D:3 [

Annotations:
D:3 1 runed translucent door, speeev33's ghost, amateur HOFi
D:4 Edmund


Innate Abilities, Weirdness & Mutations

You have a pair of horns on your head.
You reflexively headbutt those who attack you in melee.


Message History

You are too injured to fight recklessly!
You are too injured to fight recklessly!
You are too injured to fight recklessly!
You are too injured to fight recklessly!
You are too injured to fight recklessly!
You are too injured to fight recklessly!
You are too injured to fight recklessly!
You are too injured to fight recklessly!
You are too injured to fight recklessly!
You are too injured to fight recklessly!
You are too injured to fight recklessly!
You are too injured to fight recklessly!
You are too injured to fight recklessly!
You are too injured to fight recklessly!
You are too injured to fight recklessly!
You are too injured to fight recklessly!
You are too injured to fight recklessly!
You are too injured to fight recklessly!
You are too injured to fight recklessly!
You hit Edmund but do no damage. You headbutt Edmund!
Edmund is moderately wounded.
Edmund hits you with a +2 vorpal flail!
* * * LOW HITPOINT WARNING * * *
x2 You hit Edmund.
You headbutt Edmund, but do no damage.
Edmund is moderately wounded.
Edmund hits you with a +2 vorpal flail!
* * * LOW HITPOINT WARNING * * *
x2 Edmund barely misses you.
You feel much better. Edmund hits you with a +2 vorpal flail.
You slash Edmund! Your headbutt misses Edmund.
Edmund is severely wounded.
Edmund hits you with a +2 vorpal flail!
* * * LOW HITPOINT WARNING * * *
x2 You hit Edmund.
Edmund is severely wounded.
Edmund closely misses you.
You hit Edmund. You headbutt Edmund, but do no damage.
Edmund is almost dead.
Edmund hits you with a +2 vorpal flail!
You die...

####..... ##.[.....
#....... #......
#..... #....#
#..@.# #..@.#
+....# #....#
+.>..#
#######....####
#.ยงยง.....###..###
##.#............#
#.#.###...#....#
#.#..#..<.'.####


You could see Edmund.

Vanquished Creatures
  An ice beast (D:3)
  2 phantoms
  Jessica (D:3)
  7 adders
  A gnoll (D:1)
  An adder skeleton (D:4)
  3 worms
  2 orcs (D:3)
  4 endoplasms
  A giant cockroach (D:2)
  7 goblins
  9 hobgoblins
  8 ball pythons
  11 bats
  6 frilled lizards
  6 kobolds
  6 rats
76 creatures vanquished.

Vanquished Creatures (others)
  2 plants (D:3)
2 creatures vanquished.

Grand Total: 78 creatures vanquished

Notes
Turn   | Place    | Note
-------+----------+-------------------------------------------
     0 | D:1      | acemry the Minotaur Fighter began the quest for the Orb.
     0 | D:1      | Reached XP level 1. HP: 19/19 MP: 0/0
   138 | D:1      | Reached skill level 3 in Axes
   168 | D:1      | Reached XP level 2. HP: 26/26 MP: 1/1
   496 | D:1      | Reached skill level 4 in Axes
   625 | D:1      | Reached XP level 3. HP: 20/31 MP: 2/2
  1063 | D:2      | Found Qeaxiv's Weapon Shop.
  1245 | D:2      | Noticed a phantom
  1255 | D:2      | Killed a phantom
  1256 | D:2      | Reached skill level 6 in Axes
  1256 | D:2      | Reached XP level 4. HP: 25/39 MP: 3/3
  1593 | D:2      | Reached XP level 5. HP: 45/45 MP: 4/4
  1816 | D:3      | Noticed Jessica
  1824 | D:3      | Killed Jessica
  1873 | D:3      | Reached skill level 7 in Axes
  1947 | D:3      | Noticed an ice beast
  1957 | D:3      | Killed an ice beast
  1958 | D:3      | Reached XP level 6. HP: 32/51 MP: 5/5
  2108 | D:3      | Found a faded altar of an unknown god.
  2252 | D:3      | Reached skill level 8 in Axes
  2358 | D:3      | Found a glowing silver altar of Zin.
  2392 | D:3      | Found a runed translucent door.
  2392 | D:3      | Noticed speeev33's ghost (amateur HOFi)
  2768 | D:3      | Found Goesch's Armour Emporium.
  2889 | D:4      | Noticed Edmund
  2897 | D:4      | HP: 2/51 [Edmund (1)]
  2901 | D:4      | Slain by Edmund

Illustrated notes

Levels and vault maps discovered:
D:1:      heliophobic_arrival_ceremonial_halls, layout_basic
D:2:      minmay_inner_zag, layout_basic, serial_shops,
          nicolae_shop_temple_entry_statues_fountains
D:3:      layout_loops_cross, marbit_many_paths, serial_shops,
          nicolae_square_shop, shapermc_ecumenical_altar_mp_ritualfount,
          gammafunk_ghost_grave, uniq_jessica
D:4:      old_forge, layout_basic, nicolae_overflow_hidden_temple, serial_shops,
          kennysheep_little_box, uniq_edmund, uniq_ijyb

Skill      XL: |  1  2  3  4  5  6 |
---------------+-------------------+-----
Axes           | 3 4 6 7 8 |  8.6
Fighting       | |  3.6
Armour         | |  3.6
Shields        | |  3.6

Action                   |  1- 3 |  4- 6 || total
-------------------------+-------+-------++-------
Melee: War axe           |    55 |    58 ||   113
       Headbutt          |     7 |    21 ||    28
       Club              |       |    49 ||    49
  Use: Scroll            |     7 |       ||     7
       Potion            |       |     1 ||     1
Armor: Scale mail        |    26 |    42 ||    68
Dodge: Dodged            |    28 |    44 ||    72
Block: Kite shield       |     2 |       ||     2
